 Dungeon Crawl Stone Soup version 0.20-a0-269-g17f5411 (webtiles) character file.

147 Nvm9 the Covered (level 5, -4/42 HPs)
             Began as a Demonspawn Fighter on Dec 9, 2016.
             Killed by nerve-wracking pain
             ... invoked by an orc priest
              (12 damage)
             ... on level 2 of the Dungeon.
             The game lasted 00:02:40 (1889 turns).

Nvm9 the Covered (Demonspawn Fighter)               Turns: 1889, Time: 00:02:41

Health: -4/42      AC:  9    Str: 18    XL:     5   Next: 8%
Magic:  5/5        EV:  7    Int:  9    God:
Gold:   56         SH:  9    Dex: 12    Spells: 4/4 levels left

rFire  . . .     SeeInvis .     a - +0 war axe
rCold  + . .     Gourm    .     b - +0 scale mail
rNeg   . . .     Faith    .     c - +0 shield
rPois  .         Spirit   .     d - +0 helmet
rElec  .         Reflect  .     (no cloak)
rCorr  .         Harm     .     (no gloves)
MR     .....                    p - +0 pair of boots
Stlth  ..........               (no amulet)
                                (no ring)
                                (no ring)

@: no status effects
A: talons 1, cold resistance 1, freezing cloud immunity
a: no special abilities


You were on level 2 of the Dungeon.
You were not hungry.

You visited 1 branch of the dungeon, and saw 3 of its levels.

You collected 56 gold pieces.

Inventory:

Hand Weapons
 a - a +0 war axe (weapon)
Armour
 b - a +0 scale mail (worn)
 c - a +0 shield (worn)
 d - a +0 helmet (worn)
 p - a +0 pair of boots (worn)
Jewellery
 o - a +1 ring of slaying {unknown}
Scrolls
 e - a scroll of identify {unknown}
 h - a scroll of amnesia {unknown}
 i - a scroll of remove curse {unknown}
 r - a scroll of fog {unknown}
 s - a scroll of enchant weapon {unknown}
Potions
 g - a potion of brilliance {unknown}
 j - a potion of degeneration {unknown}
 k - a potion of invisibility {unknown}
 l - a potion of agility {unknown}
 n - a potion of lignification {unknown}
 q - a potion of cancellation {unknown}
Comestibles
 f - a bread ration
 m - 2 fruits
 t - a slice of pizza


   Skills:
 + Level 3.7 Fighting
 + Level 2.5 Axes
 * Level 3.8 Armour
 + Level 3.4 Shields


You had 4 spell levels left.
You didn't know any spells.

Dungeon Overview and Level Annotations

Branches:
Dungeon (3/15)

Altars:
Ashenzari
Hepliaklqana
Uskayaw

Annotations:
D:2 1 runed door


Innate Abilities, Weirdness & Mutations

You have sharp toenails.
Your flesh is cold resistant. (rC+)
You are immune to freezing clouds.


Message History

Beogh smites you!
* * * LOW HITPOINT WARNING * * *
The orc priest completely misses you.
You are too injured to fight recklessly!
Unknown command.
You are too injured to fight recklessly!
Unknown command.
You are too injured to fight recklessly!
Unknown command.
You are too injured to fight recklessly!
Unknown command.
You are too injured to fight recklessly!
Unknown command.
You are too injured to fight recklessly!
Unknown command.
You closely miss the orc priest.
The orc priest is severely wounded.
The orc priest calls down the wrath of Beogh upon you.
Pain shoots through your body!
You die...

.........# #.##......# #.......
.........# #.##......# ##.......
.........# #.##......####..#.....
####.....###.##......#....###....
##.#(..##.##........#### #####
##.###.#..........###
#.................#
#.................#
#..|.........@....#
#....†<.#.##o....###### .
#.......#.####.#......## ...
#.......#.# #.####....###..#
#.......#)# #.# ##........#
####.......#.# #.# ##...###.#
.............####.# #...#)###
...#########......#....###).)##
...#########........####..>.÷.##


You could see an orc priest.

Vanquished Creatures
  Robin (D:2)
  3 adders (D:2)
  An ooze (D:1)
  5 worms (D:2)
  A dart slug (D:2)
  2 leopard geckos (D:1)
  An orc (D:3)
  2 giant cockroaches
  11 goblins
  7 hobgoblins
  7 jackals
  A ball python (D:2)
  7 bats
  5 frilled lizards
  4 kobolds
  38 rats
96 creatures vanquished.

Notes
Turn   | Place    | Note
-------+----------+-------------------------------------------
     0 | D:1      | Nvm9 the Demonspawn Fighter began the quest for the Orb.
     0 | D:1      | Reached XP level 1. HP: 18/18 MP: 1/1
   123 | D:1      | Gained mutation: Your flesh is cold resistant. (rC+) [demonic ancestry]
   123 | D:1      | Reached XP level 2. HP: 19/24 MP: 2/2
   162 | D:1      | Found a shattered altar of Ashenzari.
   690 | D:2      | Gained mutation: You are immune to freezing clouds. [demonic ancestry]
   690 | D:2      | Reached XP level 3. HP: 24/29 MP: 3/3
   990 | D:2      | Found a hide-covered altar of Uskayaw.
  1078 | D:2      | Noticed Robin
  1088 | D:2      | Reached XP level 4. HP: 15/35 MP: 4/4
  1096 | D:2      | Killed Robin
  1375 | D:2      | Found a hazy altar of Hepliaklqana.
  1515 | D:2      | Found a runed door.
  1873 | D:3      | Gained mutation: You have sharp toenails. [demonic ancestry]
  1873 | D:3      | Reached XP level 5. HP: 39/41 MP: 5/5
  1889 | D:2      | Killed from afar by an orc priest

Vault maps used:
D:1:      doesnt_arrival_goblin_jail, nicolae_ashenzari_panopticon
D:2:      old_standard_altar, kennysheep_vampire_church,
          eat_drink_and_be_merry_uskayaw, minmay_rats_cheesy_pizza,
          uniq_crazy_yiuf_cottage, uniq_robin
D:3:      grunt_temple_overflow_order_and_chaos_1, tso_metal_star, bloody_trog,
          first_bread, uniq_jessica

Skill      XL: |  1  2  3 |
---------------+----------+-----
Axes           | 2 |  2.5
Armour         | 3 |  3.8
Shields        | 3 |  3.4
Fighting       | |  3.7

Action                   |  1- 3 |  4- 6 || total
-------------------------+-------+-------++-------
Melee: War axe           |   105 |   154 ||   259
  Use: Potion            |       |     1 ||     1
 Stab: Distracted        |     1 |       ||     1
  Eat: Chunk             |       |     4 ||     4
Armor: Scale mail        |    79 |   112 ||   191
Dodge: Dodged            |    31 |    68 ||    99
Block: Shield            |    61 |   106 ||   167
